AoeStats
← jprummer

Hill Fort

504149701Analyzed
3v3 RM · 28d ago on Sep 4, 2026· 30m 16s· 6 players
Game mode
Random Map
Map size
Normal (6 player)
Population
200
Speed
Normal
Resources
Standard
Victory
Conquest
Starting age
Dark Age
Ending age
Imperial Age
RankedLock teamsTeams togetherTeam positionsShared explorationLock speedFull tech treeHidden civsTurbo modeCheats
Victory
Defeat
🇺🇸 Georgians · United States
1063
+9
🇺🇸 Franks · United States
867
+19
🇺🇸 Khmer · United States
853
+18
🇦🇷 Khmer · Argentina
928
-16
🇲🇽 Ethiopians · Mexico
922
-16
🇦🇷 Bulgarians · Argentina
873
-39
Pedro Silva Torrejon 24
11:09 Feudal Age
20:28 Double-Bit Axe
20:26 Horse Collar
26:30 Castle Age
25:37 Loom
27:47 Squires
27:32 Arson
27:11 Pikeman
PNAL | Mark Max 77
8:18 Loom
10:38 Feudal Age
14:10 Castle Age
12:19 Double-Bit Axe
12:44 Horse Collar
15:05 Wheelbarrow
15:13 Bow Saw
21:15 Heavy Plow
27:46 Town Watch
30:54 Imperial Age
GodKiller
2:30 Loom
10:42 Feudal Age
11:08 Double-Bit Axe
11:11 Horse Collar
11:25 Gold Mining
14:23 Wheelbarrow
18:57 Castle Age
18:48 Forging
18:39 Scale Mail Armor
20:14 Bow Saw
22:54 Fletching
23:05 Padded Archer Armor
27:51 Ballistics
27:30 Bodkin Arrow
27:50 Leather Archer Armor
27:59 Crossbowman
jprummer
8:07 Loom
12:37 Feudal Age
18:02 Castle Age
16:25 Double-Bit Axe
17:32 Horse Collar
18:47 Gold Mining
19:50 Wheelbarrow
19:54 Scale Barding Armor
19:59 Forging
22:57 Heavy Plow
25:03 Chain Barding Armor
25:32 Bloodlines
26:12 Husbandry
27:27 Iron Casting
28:19 Hand Cart
Kevatafl
12:49 Feudal Age
18:10 Wheelbarrow
17:28 Double-Bit Axe
20:17 Castle Age
19:55 Gold Mining
20:14 Scale Barding Armor
20:27 Forging
22:51 Wheelbarrow
23:18 Husbandry
23:10 Town Watch
24:48 Scale Mail Armor
26:09 Fletching
29:54 Chain Barding Armor
thanh.ly645
13:16 Feudal Age
13:59 Double-Bit Axe
22:29 Castle Age
20:40 Arson
22:58 Horse Collar
26:19 Bow Saw
26:22 Gold Mining
27:49 Wheelbarrow
30:06 Hand Cart
Connection lost

Rejoining the realm…

Still unreachable

The connection could not be restored.

Session expired

The server has moved on; the page needs a fresh start.